 Dungeon Crawl Stone Soup version 0.27-a0-909-g0721f309d1 (webtiles) character file.

Game seed: 6895726546436482036

18 EnegeticOcto the Magician (level 2, -1/21 HPs)
             Began as a Djinni Earth Elementalist on Apr 8, 2021.
             Slain by a giant cockroach (2 damage)
             ... on level 4 of the Dungeon.
             The game lasted 00:01:34 (272 turns).

EnegeticOcto the Magician (DjEE)                     Turns: 272, Time: 00:01:34

Health: -1/21      AC:  2    Str:  6 (7)  XL:     2   Next: 70%
Gold:   0          EV: 12    Int: 14 (16) God:
                   SH:  0    Dex: 12 (13)

rFire    + + .     SeeInvis .   (no weapon)
rCold    x . .     Faith    .   (no shield)
rNeg     . . .     Spirit   .   c - +0 robe
rPois    ∞         Reflect  .   (no helmet)
rElec    .         Harm     .   (no cloak)
rCorr    .         Rampage  .   (no gloves)
Will     .....                  (boots unavailable)
Stlth    ++........             (no amulet)
HPRegen  0.07/turn              (no ring)
MPRegen  0.00/turn              (no ring)

@: flying
A: fire resistance 2, cold vulnerability 1, float, innate caster, hp casting,
extra vitality 1
a: no special abilities


You were on level 4 of the Dungeon.
You visited 1 branch of the dungeon, and saw 3 of its levels.

Inventory:

Missiles
 b - 34 stones
Armour
 c - a +0 robe (worn)
Scrolls
 d - a scroll of torment {unknown}


   Skills:
 - Level 2.1 Dodging
 - Level 1.5 Stealth
 + Level 3.4 Spellcasting


You couldn't memorise any spells.
You knew the following spells:

 Your Spells              Type           Power      Damage    Failure   Level
a - Sandblast             Erth           24%        2d8       4%          1
b - Stone Arrow           Conj/Erth      24%        3d8       16%         3
c - Petrify               Tmut/Erth      12%        N/A       45%         4
d - Lee's Rapid Deconstr  Erth           6%         3d7*      80%         5
p - Passwall              Tmut/Erth      10%        N/A       8%          2
Your spell library was empty.

Dungeon Overview and Level Annotations

Branches:
Dungeon (2/15)

Altars:

Shops:
D:4 !


Innate Abilities, Weirdness & Mutations

You are immune to poison.
Your flesh is very heat resistant. (rF++)
You are vulnerable to cold. (rC-)
You float through the air rather than walking.
You learn spells naturally, not from books.
Your magical power is your life essence.
You have superior vitality. (+4 HP)


Message History

You reach down and open the large door.
Found a metallic brown potion.
There is a large open door here.
a - a metallic brown potion It was a potion of attraction.
You feel attractive to monsters.
You are sucked into a shaft and drop 2 floors!
The shaft crumbles and collapses.
You hear the sound of rushing water.
There is an entrance to a sewer on this level.
Hurry and find it before the portal rusts away!
A giant cockroach comes into view.
Casting: Sandblast (safe; 5% risk of failure)
Confirm with . or Enter, or press ? or * to list all spells.
Aiming: Sandblast (safe; 5% risk of failure)
Press: ? - help, Shift-Dir - straight line, f - giant cockroach
Aim: a giant cockroach (wandering, hasn't noticed you, 21% to evade)
The blast of sand hits the giant cockroach!
You kill the giant cockroach!
* * * LOW HITPOINT WARNING * * *
An iguana and an endoplasm come into view.
The endoplasm is pulled toward you! The iguana is pulled toward you!
The endoplasm is pulled toward you!
Casting: Sandblast (safe; 4% risk of failure)
Confirm with . or Enter, or press ? or * to list all spells.
Aiming: Sandblast (safe; 4% risk of failure)
Press: ? - help, Shift-Dir - straight line, f - endoplasm
Aim: an endoplasm (2% to evade)
The blast of sand hits the endoplasm!
You kill the endoplasm!
* * * LOW HITPOINT WARNING * * *
Casting: Sandblast (safe; 4% risk of failure)
Confirm with . or Enter, or press ? or * to list all spells.
Aiming: Sandblast (safe; 4% risk of failure)
Press: ? - help, Shift-Dir - straight line, f - you That would be overly suicidal.
Okay, then.
You feel less attractive to monsters.
Unknown command.
A giant cockroach comes into view.
Found a scale mail.
A rat and a river rat come into view.
Found a stone staircase leading down.
A hound comes into view.
An orc comes into view. It is wielding a +0 hand axe.
Found a stone staircase leading down.
A howler monkey skeleton comes into view.
Found a green potion.
Casting: Sandblast (safe; 4% risk of failure)
Confirm with . or Enter, or press ? or * to list all spells.
Aiming: Sandblast (safe; 4% risk of failure)
Press: ? - help, Shift-Dir - straight line, f - you That would be overly suicidal.
Okay, then.
Casting: Sandblast (safe; 4% risk of failure)
Confirm with . or Enter, or press ? or * to list all spells.
Aiming: Sandblast (safe; 4% risk of failure)
Press: ? - help, Shift-Dir - straight line, f - howler monkey skeleton
Aim: a howler monkey skeleton (5% to evade)
The blast of sand hits the howler monkey skeleton!
The howler monkey skeleton is heavily damaged.
* * * LOW HITPOINT WARNING * * *
The howler monkey skeleton misses you.
You hear the slow rusting of a distant drain.
Casting: Sandblast (safe; 4% risk of failure)
Confirm with . or Enter, or press ? or * to list all spells.
Aiming: Sandblast (safe; 4% risk of failure)
Press: ? - help, Shift-Dir - straight line, f/p - howler monkey skeleton
Aim: a howler monkey skeleton (heavily damaged, 5% to evade)
The blast of sand hits the howler monkey skeleton!
The howler monkey skeleton is severely damaged.
* * * LOW HITPOINT WARNING * * *
Casting: Sandblast (safe; 4% risk of failure)
Confirm with . or Enter, or press ? or * to list all spells.
Aiming: Sandblast (safe; 4% risk of failure)
Press: ? - help, Shift-Dir - straight line, f - giant cockroach
Aim: a giant cockroach (21% to evade)
The blast of sand hits the giant cockroach but does no damage.
* * * LOW HITPOINT WARNING * * *
The giant cockroach closely misses you.
Casting: Sandblast (safe; 4% risk of failure)
Confirm with . or Enter, or press ? or * to list all spells.
Aiming: Sandblast (safe; 4% risk of failure)
Press: ? - help, Shift-Dir - straight line, f/p - giant cockroach
Aim: a giant cockroach (21% to evade)
You miscast Sandblast.
You are very lightly contaminated with residual magic.
Nothing appears to happen.
* * * LOW HITPOINT WARNING * * *
The giant cockroach misses you.
Casting: Sandblast (safe; 4% risk of failure)
Confirm with . or Enter, or press ? or * to list all spells.
You don't have enough health to cast this spell.
As you open the door, it creaks loudly! The giant cockroach misses you.
Found Cayduw's Distillery.
The giant cockroach bites you but does no damage.
Found an escape hatch in the floor.
Your magical contamination has completely faded away.
The giant cockroach bites you.
You die...

##..... .....# ###....#
#...... #.>...## #
#......## ##.#
##.......##.... #
##....@B........ .
#.###....###Z......# ..
.#.#......#∩#..##...#
.#............#'#r## .#
.....##.....#......#
....#.......#....##
!....>..........## #
#.........##....#
..####.................


You could see a giant cockroach and a howler monkey skeleton.

Vanquished Creatures
  2 orcs (D:2)
  A ball python (D:1)
  2 endoplasms
  2 giant cockroaches
  A goblin (D:1)
  4 jackals (D:1)
  A rat (D:1)
13 creatures vanquished.

Notes
Turn   | Place    | Note
-------+----------+-------------------------------------------
     0 | D:1      | EnegeticOcto the Djinni Earth Elementalist began the quest
                  | for the Orb.
     0 | D:1      | Reached XP level 1. HP: 15/15 MP: 0/0
    68 | D:1      | Reached skill level 3 in Spellcasting
    87 | D:1      | Reached XP level 2. HP: 15/21 MP: 0/0
   211 | D:2      | You are sucked into a shaft and drop 2 floors!
   266 | D:4      | Found Cayduw's Distillery.
   272 | D:4      | Slain by a giant cockroach

Illustrated notes

Levels and vault maps discovered:
D:1:      dpeg_arrival_arbitrary_a, layout_basic,
          ebering_ecumenical_altar_abandoned
D:2:      minmay_chambers_of_twos, layout_basic, kennysheep_generic_room_6
D:4:      layout_cave_pools, portal_sewer_entry_a, serial_shops, kennysheep_mini

Skill      XL: |  1 |
---------------+----+-----
Spellcasting   | 3 |  3.4
Dodging        | |  2.1
Stealth        | |  1.5

Action                   || total
-------------------------++-------
 Cast: Sandblast         ||    25
  Use: Potion            ||     2
Armor: Robe              ||     1
Dodge: Dodged            ||     7

Table legend: (Time is in decaauts)
 A = Elapsed time spent in this place.
 B = Non-inter-level travel time spent in this place.
 C = Inter-level travel time spent in this place.
 D = Time resting spent in this place.
 E = Time spent auto-exploring this place.
 F = Levels seen in this place.
 G = Mean time per level.
                   A        B        C        D        E       F      G
               +--------+--------+--------+--------+--------+-----+--------+
         Total |    271 |    263 |      8 |      0 |      0 |   3 |   90.3 |
       Dungeon |    271 |    263 |      8 |      0 |      0 |   3 |   90.3 |
               +--------+--------+--------+--------+--------+-----+--------+

Top non-repeatable levels by time:
     D:1: 114 daAuts
     D:2: 96 daAuts
     D:4: 60 daAuts
